 Dungeon Crawl Stone Soup version 0.21.1-1-g345015fe64 (webtiles) character file.

491 Bapho the Changer (level 6, -6/53 HPs)
             Began as a Draconian Transmuter on June 13, 2018.
             Mangled by a gnoll
             ... wielding a +0 flail
              (8 damage)
             ... on level 3 of the Dungeon on June 14, 2018.
             The game lasted 00:16:53 (5021 turns).

Bapho the Changer (Draconian Transmuter)            Turns: 5021, Time: 00:16:54

Health: -6/53      AC:  7    Str: 12    XL:     6   Next: 91%
Magic:  10/10      EV: 12    Int: 13    God:
Gold:   125        SH:  0    Dex: 14    Spells: 5/11 levels left

rFire    . . .     SeeInvis .     - Unarmed
rCold    . . .     Gourm    .   (no shield)
rNeg     . . .     Faith    .   (armour unavailable)
rPois    .         Spirit   .   (helmet restricted)
rElec    .         Reflect  .   t - scarf {cloud immunity}
rCorr    .         Harm     .   e - +0 pair of gloves (curse)
MR       .....                  (boots currently unavailable)
Stlth    +.........             (no amulet)
HPRegen  0.17/turn              (no ring)
MPRegen  0.12/turn              (no ring)

@: appendage
A: unfitting armour, talons 3, cold-blooded, AC +6
a: End Transformation


You were on level 3 of the Dungeon.
You were not hungry.
You had grown temporary talons.
You visited 1 branch of the dungeon, and saw 4 of its levels.

You collected 125 gold pieces.

Inventory:

Missiles
 a - 44 arrows
 h - 80 stones (quivered)
Armour
 e - a cursed +0 pair of gloves (worn)
 n - a +0 pair of gloves
 t - a scarf of cloud immunity (worn)
Jewellery
 p - an uncursed amulet of magic regeneration {unknown}
Wands
 s - a wand of iceblast (6)
Scrolls
 d - 7 scrolls of identify {unknown}
 g - a scroll of immolation {unknown}
 i - a scroll of fear {unknown}
 l - 2 scrolls of random uselessness {unknown}
 r - a scroll of amnesia {unknown}
Potions
 f - 2 potions of invisibility {unknown}
 j - 2 potions of might {unknown}
 k - 2 potions of flight {unknown}
 m - a potion of heal wounds {unknown}
 o - 2 potions of ambrosia {unknown}
 q - a potion of berserk rage {unknown}
Books
 b - a book of Changes

   Spells                             Type                      Level
   a - Beastly Appendage              Transmutation                1
   b - Sticks to Snakes               Transmutation                2
   c - Spider Form                    Transmutation/Poison         3
   d - Ice Form                       Ice/Transmutation            4
   e - Blade Hands                    Transmutation                5
Comestibles
 c - 6 rations
 u - 2 chunks of flesh


   Skills:
 * Level 4.5 Fighting
 - Level 1.7 Dodging
 + Level 4.2 Unarmed Combat
 + Level 3.2 Spellcasting
 * Level 4.6 Transmutations


You had 5 spell levels left.
You knew the following spells:

 Your Spells              Type           Power        Failure   Level  Hunger
a - Beastly Appendage     Tmut           ##....       3%          1    #......
b - Sticks to Snakes      Tmut           ##......     4%          2    ##.....
c - Spider Form           Tmut/Pois      #.........   26%         3    ###....


Dungeon Overview and Level Annotations

Branches:
Dungeon (4/15)
 Temple: D:4-7

Altars:
Ru


Innate Abilities, Weirdness & Mutations

Your plain brown scales are hard. (AC +6)
You cannot fit into any form of body armour.
You are cold-blooded and may be slowed by cold attacks.
You have claws for feet.


Message History

The gnoll is lightly wounded.
The gnoll barely misses you.
You barely miss the gnoll.
The gnoll is lightly wounded.
The gnoll barely misses you.
You barely miss the gnoll. Your kick misses the gnoll.
The gnoll is lightly wounded.
You are too injured to fight recklessly!
You hit the gnoll but do no damage.
The gnoll is lightly wounded.
The gnoll hits you with a flail.
* * * LOW HITPOINT WARNING * * *
You hit the gnoll. You tail-slap the gnoll.
The gnoll is severely wounded.
The gnoll hits you with a flail!
* * * LOW HITPOINT WARNING * * *
You hit the gnoll but do no damage. Your kick misses the gnoll.
The gnoll is severely wounded.
The gnoll hits you with a flail!
You die...

#############.###############..##
...............................##
##....#####.....##############.##
##....#####)................##.##
........)..)................##(##
##....#####......######.....##[##
###### #......................
#...(..#############.#.
#.....@..........)...#.
###....g####.......###.
####.....# #...........
##########........# #...........
..........[.......# #...........
.#####............####...........
.# #.###...................###.
.# ###.# ###.[...........##.## #.
.# #...# #.............##.## #.


You could see a gnoll.

Vanquished Creatures
  The ghost of raetorn the Chucker, an amateur MiHu (D:3)
  A phantom (D:4)
  An orc priest (D:3)
  Ijyb (D:4)
  A worker ant (D:4)
  Terence (D:3)
  2 gnolls (D:4)
  6 adders
  An ooze (D:3)
  6 worms
  A dart slug (D:2)
  2 leopard geckos
  13 orcs
  5 hobgoblins (D:1)
  A quokka (D:2)
  A ball python (D:1)
  12 bats
  5 frilled lizards
  8 goblins
  5 kobolds
  10 rats
84 creatures vanquished.

Notes
Turn   | Place    | Note
-------+----------+-------------------------------------------
     0 | D:1      | Bapho the Draconian Transmuter began the quest for the Orb.
     0 | D:1      | Reached XP level 1. HP: 16/16 MP: 3/3
   248 | D:1      | Reached XP level 2. HP: 19/23 MP: 3/5
   866 | D:2      | Reached XP level 3. HP: 13/29 MP: 3/6
  1687 | D:2      | Reached XP level 4. HP: 37/37 MP: 5/7
  1982 | D:3      | Learned a level 2 spell: Sticks to Snakes
  2006 | D:3      | Noticed Terence
  2018 | D:3      | Killed Terence
  2141 | D:3      | Noticed raetorn's ghost (amateur MiHu)
  2936 | D:3      | Reached XP level 5. HP: 45/45 MP: 8/8
  3462 | D:3      | Killed raetorn's ghost
  3462 | D:3      | Reached XP level 6. HP: 13/52 MP: 4/10
  3692 | D:3      | Learned a level 3 spell: Spider Form
  3744 | D:3      | Found a sacrificial altar of Ru.
  4641 | D:4      | Noticed Ijyb
  4680 | D:4      | Killed Ijyb
  5020 | D:3      | HP: 2/53 [gnoll/flail (8)]
  5021 | D:3      | Mangled by a gnoll

Skill      XL: |  1  2  3  4  5  6 |
---------------+-------------------+-----
Fighting       | 2 3 4 |  4.5
Transmutations | 3 4 |  4.6
Unarmed Combat | 4 |  4.2
Spellcasting   | 3 |  3.2
Dodging        | |  1.7

Action                   |  1- 3 |  4- 6 || total
-------------------------+-------+-------++-------
Melee: Unarmed           |   117 |   298 ||   415
       Kick              |    12 |    31 ||    43
       Tailslap          |     8 |    31 ||    39
       Headbutt          |     3 |    16 ||    19
       Punch             |     3 |     4 ||     7
Throw: Stone             |    11 |    89 ||   100
 Cast: Beastly Appendage |    19 |    37 ||    56
       Sticks to Snakes  |       |    14 ||    14
  Eat: Chunk             |     3 |    12 ||    15
Armor: Skin              |    37 |    60 ||    97
Dodge: Dodged            |   100 |   136 ||   236
